 Dungeon Crawl Stone Soup version 0.32-a0-672-gff75c0dad8 (webtiles) character file.

Game seed: 6046148995884689303

127 GeoRichter the Ruffian (level 5, 0/37 HPs)
             Began as a Merfolk Shapeshifter on Mar 10, 2024.
             Slain by Grinder (3 damage)
             ... on level 3 of the Dungeon.
             The game lasted 00:03:14 (1608 turns).

GeoRichter the Ruffian (Merfolk Shapeshifter)       Turns: 1608, Time: 00:03:15

Health: 0/37       AC:  6    Str: 16    XL:     5   Next: 11%
Magic:  5/5        EV:  9    Int:  9    God:
Gold:   148        SH:  4    Dex: 14    Spells: 4/4 levels left

rFire   . .          .
                       - Unarmed
rCold   . . .        i - +0 buckler
rNeg    . . .        h - +0 scale mail
rPois   .            (helmet currently unavailable)
rElec   .            (cloak currently unavailable)
rCorr   .            (gloves currently unavailable)
SInv    .            (boots currently unavailable)
Will    +....        k - amulet of the acrobat Stlth
                     (no ring)
HPRegen 0.26/turn    (no ring)
MPRegen 0.09/turn

%: acrobat
@: beast-form, enlightened, flying
A: beast (slay +2), (nimble swimmer 2), mertail
a: Begin Untransformation


You were on level 3 of the Dungeon.
You were a hulking beast.
You visited 1 branch of the dungeon, and saw 3 of its levels.

You collected 148 gold pieces.

Inventory:

Armour
 h - a +0 scale mail (worn)
   (You found it on level 1 of the Dungeon)
 i - a +0 buckler (worn)
   (You found it on level 1 of the Dungeon)
 j - a +0 helmet
   (You found it on level 1 of the Dungeon)
Jewellery
 k - an amulet of the acrobat (around neck)
   (You found it on level 2 of the Dungeon)
Talismans
 c - a beast talisman (active)
 d - a flux talisman
Scrolls
 f - 3 scrolls of noise {!r}
 l - a scroll of enchant weapon
 m - a scroll of poison {!r}
 n - a scroll of revelation
Potions
 a - a potion of haste {@q3}
 b - a potion of lignification {!q}
 e - a potion of enlightenment


   Skills:
 - Level 1.1 Fighting
 - Level 2.6 Dodging
 * Level 6.2 Unarmed Combat
 - Level 4.0 Shapeshifting


You had 4 spell levels left.
You didn't know any spells.
Your spell library was empty.

Dungeon Overview and Level Annotations

Branches:
Dungeon (3/15) Zot: 16402

Altars:

Annotations:
D:3 Grinder


Innate Abilities, Weirdness & Mutations

You are a hulking beast.
Your limbs bulge with bestial killing power. (Slay +2)
((You are very nimble when in or above water. (Stealth+, EV+, Speed+++)))
Your lower body shifts to a powerful aquatic tail in water.


Message History

l - a scroll of enchant weapon
As you read the scroll of identify {@r1}, it crumbles to dust.
m - a scroll of poison
As you read the scroll of identify {@r1}, it crumbles to dust.
n - a scroll of revelation
As you read the scroll labelled LIOSTR YTIUTH, it crumbles to dust.
You hear a loud clanging noise!
It was a scroll of noise.
You climb downwards.
Level annotation: Grinder
There is a stone staircase leading up here.
Grinder shouts!
Grinder blinks!
You feel very buoyant.
You fly up into the air.
Found a white potion.
You hit Grinder.
Grinder is lightly wounded.
Grinder says, "You look like you could use a good racking."
Grinder gestures at you. You resist with some effort.
You hit Grinder.
Grinder is lightly wounded.
You block Grinder's attack.
You closely miss Grinder.
Grinder is lightly wounded.
Grinder hits you.
You writhe in agony.
You hit Grinder.
Grinder is moderately wounded.
Grinder blinks!
You punch Grinder!
Grinder is moderately wounded.
Grinder closely misses you.
You punch Grinder!
Grinder is severely wounded.
Grinder hits you.
You writhe in agony.
* * * LOW HITPOINT WARNING * * *
You hit Grinder but do no damage.
Grinder is severely wounded.
Grinder hits you!
* * * LOW HITPOINT WARNING * * *
You writhe in agony.
* * * LOW HITPOINT WARNING * * *
You barely miss Grinder.
Grinder is severely wounded.
Grinder hits you.
* * * LOW HITPOINT WARNING * * *
You writhe in agony.
You die...
Grinder sighs, "Dead already?
I want a refund."

. ! .#. ... #.#
.## #.# 5.# #.#
.. #.# ##.# #h##
#.. #5.# #.#
##.####.#
#..##..#
##.##>##
#.##.#######
#......#.....
##...<.........
#...............


You could see Grinder.

Vanquished Creatures
  7 adders
  A dart slug (D:1)
  A ribbon worm (D:2)
  6 ball pythons
  6 endoplasms
  3 giant cockroaches (D:1)
  4 goblins
  7 hobgoblins
  2 jackals (D:1)
  4 quokkas
  3 bats
  2 frilled lizards (D:2)
  7 kobolds
  3 rats
56 creatures vanquished.

Notes
Turn   | Place    | Note
-------+----------+-------------------------------------------
     0 | D:1      | GeoRichter the Merfolk Shapeshifter began the quest for the
                  | Orb.
     0 | D:1      | Reached XP level 1. HP: 15/15 MP: 1/1
    53 | D:1      | Reached XP level 2. HP: 18/21 MP: 2/2
    69 | D:1      | Reached skill level 4 in Unarmed Combat
   279 | D:1      | Reached XP level 3. HP: 21/26 MP: 3/3
   792 | D:2      | Reached skill level 5 in Unarmed Combat
   957 | D:2      | Reached XP level 4. HP: 12/32 MP: 4/4
  1484 | D:3      | Reached skill level 6 in Unarmed Combat
  1523 | D:3      | Reached XP level 5. HP: 37/37 MP: 5/5
  1570 | D:3      | Noticed Grinder
  1608 | D:3      | Slain by Grinder

Illustrated notes

Levels and vault maps discovered:
D:1:      amcnicky_arrival_double_pillar, layout_rooms, minmay_small_reverse_x
D:2:      layout_basic, nicolae_concentric_dashed_squares_mild
D:3:      layout_rooms, uniq_grinder

Skill      XL: |  1  2  3  4 |
---------------+-------------+-----
Unarmed Combat | 4 5 6 |  6.2
Fighting       | |  1.1
Dodging        | |  2.6
Shapeshifting  | |  4.0

Action                     |  1- 3 |  4- 6 || total
---------------------------+-------+-------++-------
  Melee: Unarmed           |   102 |    70 ||   172
         Punch             |     2 |       ||     2
    Use: Scroll            |       |     6 ||     6
         Potion            |       |     1 ||     1
   Stab: Sleeping          |     1 |       ||     1
 Armour: Animal skin       |    14 |       ||    14
         Scale mail        |    48 |    33 ||    81
  Dodge: Dodged            |    40 |    32 ||    72
  Block: Buckler           |     7 |    10 ||    17

Table legend: (Time is in decaauts)
 A = Elapsed time spent in this place.
 B = Non-inter-level travel time spent in this place.
 C = Inter-level travel time spent in this place.
 D = Time resting spent in this place.
 E = Time spent auto-exploring this place.
 F = Levels seen in this place.
 G = Mean time per level.
                   A        B        C        D        E       F      G
               +--------+--------+--------+--------+--------+-----+--------+
         Total |   1596 |   1517 |     79 |      5 |   1105 |   3 |  532.0 |
       Dungeon |   1596 |   1517 |     79 |      5 |   1105 |   3 |  532.0 |
               +--------+--------+--------+--------+--------+-----+--------+

Top non-repeatable levels by time:
     D:2: 806 daAuts
     D:1: 653 daAuts
     D:3: 137 daAuts
